 Dungeon Crawl Stone Soup version 0.30-a0-1016-gfb0d676c02 (webtiles) character file.

Game seed: 1018412745850907748

4040 ytrimaz the Cleaver (level 9, 0/63 HPs)
             Began as a Demigod Transmuter on Apr 7, 2023.
             Slain by an orc warrior
             ... wielding a +0 halberd
              (2 damage)
             ... in a bailey.
             The game lasted 00:09:29 (8336 turns).

ytrimaz the Cleaver (Demigod Transmuter)            Turns: 8336, Time: 00:09:29

Health: 0/63       AC: 14    Str: 15    XL:     9   Next: 75%
Magic:  14/14      EV:  6    Int: 23    God:
Gold:   507        SH:  0    Dex: 14    Spells: 9/11 levels left

rFire   + . .      SeeInvis .    i - +8 mithril axe "Arga" {speed, Will+}
rCold   . . .      Faith    .    (no shield)
rNeg    . . .      Spirit   .    v - +0 plate armour
rPois   +          Reflect  .    (no helmet)
rElec   .          Rampage  .    (no cloak)
rCorr   +                        j - +2 pair of gloves
Will    ++...                    p - +0 pair of boots Stlth
                                 (no amulet)
HPRegen 0.30/turn                e - +4 ring of slaying
MPRegen 0.14/turn                h - ring of Xuicia {rPois rF+ Will+ rCorr}

@: hasted, very quick
A: high MP 1, forlorn, divine attributes
a: no special abilities


You were in a bailey.
You visited 1 branch of the dungeon, and saw 8 of its levels.
You also visited: Sewer and Bailey.

You collected 507 gold pieces.


Innate Abilities, Weirdness & Mutations

You have an increased reservoir of magic. (+10% MP)
You shall have no god before yourself.
Your divine heritage dramatically boosts your attributes as you level up.


   Skills:
 - Level 0.8 Fighting
 + Level 10.5 Axes
 - Level 8.0 Dodging
 - Level 3.5 Unarmed Combat
 - Level 1.7 Spellcasting
 - Level 1.7 Transmutations


You had 9 spell levels left.
You knew the following spells:

 Your Spells              Type           Power      Damage    Failure   Level
b - Wereblood             Tmut           10%        N/A       100%        2

Your spell library contained the following spells:

 Spells                   Type           Power      Damage    Failure   Level
 Beastly Appendage        Tmut           20%        N/A       100%        1
 Spider Form              Tmut/Pois      6%         N/A       100%        3
 Ice Form                 Ice/Tmut       6%         N/A       100%        4

Inventory:

Hand Weapons
 i - the +8 mithril axe "Arga" (weapon) {speed, Will+}
   (You acquired it on level 2 of the Dungeon)

   Will:      It increases your willpower.
Armour
 j - a +2 pair of gloves (worn)
   (You found it on level 2 of the Dungeon)
 n - a +0 kite shield
   (You found it on level 3 of the Dungeon)
 p - a +0 pair of boots (worn)
   (You found it on level 4 of the Dungeon)
 v - a +0 plate armour (worn)
   (You found it on level 6 of the Dungeon)
Jewellery
 e - a +4 ring of slaying (left hand)
   (You found it on level 1 of the Dungeon)
 h - the ring of Xuicia (right hand) {rPois rF+ Will+ rCorr}
   (You found it on level 2 of the Dungeon)

   [ring of willpower]

   rF:        It protects you from fire.
   rPois:     It protects you from poison.
   rCorr:     It protects you from acid and corrosion.
   Will:      It increases your willpower.
 r - a ring of ice
   (You found it on level 8 of the Dungeon)
 D - a ring of poison resistance
   (You found it on level 8 of the Dungeon)
 E - a ring of ice
   (You found it on level 8 of the Dungeon)
Wands
 a - a wand of mindburst (34)
   (You found it on level 5 of the Dungeon)
 b - a wand of quicksilver (5)
   (You took it off Edmund on level 4 of the Dungeon)
 y - a wand of charming (5)
   (You found it on level 5 of the Dungeon)
Scrolls
 d - 2 scrolls of amnesia
 g - a scroll of enchant weapon
 m - 2 scrolls of magic mapping
 q - 4 scrolls of teleportation
 u - a scroll of enchant armour
 B - a scroll of noise {unknown}
 C - a scroll of identify
Potions
 c - 5 potions of curing
 f - 3 potions of ambrosia
 k - a potion of invisibility {unknown}
 l - 4 potions of mutation
 o - 5 potions of heal wounds
 w - a potion of might
 x - 2 potions of brilliance
 z - 3 potions of resistance {unknown}
 A - a potion of attraction {unknown}

Dungeon Overview and Level Annotations

Branches:
Dungeon (8/15) Zot: 26480  Temple (0/1) D:6           Sewer (visited)
 Bailey (1/1) Zot: 5928
   Lair: D:8-11

Shops:
D:6 [   D:8 [

Annotations:
D:2 1 runed translucent door, Crazy Yiuf

# # #. .#
#..########..#
##.oo8.o..8...##
#..oo)@.)......#
#$.####''####.$#
###........####..
................≈
..♣............≈≈
♣♣♣...#....#...≈≈≈≈
#♣♣≈≈≈≈≈#....#≈≈≈≈≈≈≈
#≈≈≈≈≈≈≈#....#≈≈≈≈≈≈≈
#≈≈≈≈≈≈≈#....#≈≈≈≈≈≈.


You could see 3 orc warriors and 2 orcs.


Message History

You barely miss Amaemon. You slash the scorpion! You slice Amaemon!!
You kill Amaemon!
The scorpion disappears in a puff of smoke! x2
The orange demon stings you from afar.
Your Axes skill increases to level 10! 😕 HP[-4]
You take 4 damage, and now have 50/63 hp.
Unknown command.
The orange demon stings you.
The orange demon hits you but does no damage.
You see here a -2 demon whip of venom. 😕 HP[-2]
You take 2 damage, and now have 48/63 hp.
Unknown command.
You slice the orange demon!! You slice the orange demon!!
The orange demon stings you but does no damage.
The orange demon hits you.
You feel your attacks grow feeble. 😮 HP[-1]
You take 1 damage, and now have 47/63 hp.
You barely miss the orange demon. 😕 HP[+1]
You slice the orange demon!!
You kill the orange demon!
Unknown command.
You now have 507 gold pieces (gained 14). 😕 HP[+1]
Things that are here:
a +0 halberd; a sky beast corpse An orc comes into view.
It is wielding a +0 club.
There is a flagged portal here.
The world spins around you as you enter the gateway.
You enter a bailey!
Found a gate leading back out of this place.
There is an empty arch of ancient stone here. 😕 HP[+1] Unknown command.
Your attacks no longer feel as feeble.
Your extra speed is starting to run out.
You feel yourself slow down.
You feel a little less mighty now.
You open the large door.
An orc comes into view. It is wielding a +0 trident.
The orc shouts! 😎 HP[+13]
Your hp is fully restored (63).
An orc warrior comes into view. It is wielding a +0 halberd.
The orc warrior shouts!
An orc comes into view. It is wielding a +0 halberd.
The orc closely misses you.
There is a large open door here.
Unknown command.
There are monsters nearby!
The orc shouts!
You hit the orc. The orc hits you but does no damage.
You slash the orc!
You kill the orc!
An orc warrior comes into view. It is wielding a +0 halberd.
Things that are here:
a +0 trident; a +0 chain mail; an orc corpse An orc warrior comes into view.
It is wielding a +0 glaive.
The orc warrior shouts! x2
The orc hits you from afar with a +0 halberd!
An orc comes into view. It is wielding a +0 halberd. 😕 HP[-8]
You take 8 damage, and now have 55/63 hp.
Unknown command.
The orc warrior completely misses you. The orc barely misses you.
The orc warrior barely misses you.
An orc comes into view. It is wielding a +0 halberd.
You slash the orc warrior! You slash the orc!
You kill the orc!
The orc warrior hits you with a +0 halberd!
The orc warrior hits you from afar with a +0 halberd! 😮 HP[-22]
You take 22 damage, and now have 33/63 hp.
MASSIVE DAMAGE!! (PAUSE)
You are too injured to fight recklessly!
Unknown command.
You slash the orc warrior!
The orc warrior hits you with a +0 halberd.
* * * LOW HITPOINT WARNING * * *
The orc warrior barely misses you. 😨 HP[-5]
You take 5 damage, and now have 28/63 hp.
You hit the orc warrior.
The orc warrior hits you from afar with a +0 glaive!
* * * LOW HITPOINT WARNING * * *
The orc warrior hits you with a +0 halberd!
* * * LOW HITPOINT WARNING * * *
The orc warrior closely misses you. 😱 HP[-26]
You take 26 damage, and now have 2/63 hp.
MASSIVE DAMAGE!! (PAUSE) Unknown command.
You feel yourself speed up. The orc warrior closely misses you.
The orc warrior hits you with a +0 halberd.
You die...

Skill      XL: |  1  2  3  4  5  6  7  8  9 |
---------------+----------------------------+-----
Dodging        | 2 3 4 5 6 8 |  8.0
Unarmed Combat | 3 |  3.5
Axes           | 2 3 4 5 8 10 | 10.5
Fighting       | |  0.8
Spellcasting   | |  1.7
Transmutations | |  1.7

Action                     |  1- 3 |  4- 6 |  7- 9 || total
---------------------------+-------+-------+-------++-------
  Melee: Unarmed           |    95 |       |       ||    95
         Kick              |    20 |       |       ||    20
         Punch             |     3 |     2 |     2 ||     7
         Headbutt          |     5 |       |       ||     5
         Broad axe         |    24 |    70 |   247 ||   341
   Cast: Beastly Appendage |    23 |       |       ||    23
    Use: Scroll            |     5 |     8 |     6 ||    19
         Potion            |       |     2 |     5 ||     7
   Stab: Sleeping          |     2 |     1 |       ||     3
 Armour: Robe              |    22 |       |       ||    22
         Leather armour    |     2 |     8 |       ||    10
         Skin              |       |     1 |       ||     1
         Scale mail        |       |     2 |    40 ||    42
         Plate armour      |       |       |    86 ||    86
  Dodge: Dodged            |    82 |    33 |    93 ||   208

Levels and vault maps discovered:
D:1:      minmay_arrival_jagged, layout_loops_ring
D:2:      layout_basic, chequers_ecumenical_altar_simple_redux,
          uniq_crazy_yiuf_cottage
D:3:      layout_basic, nicolae_elyvilon_temple_path, minmay_increasing_density
D:4:      minmay_wonky_spiral, layout_layer_cave, mainiacjoe_overflow_alcove_3,
          mainiacjoe_overflow_catwalk, uniq_edmund
D:5:      layout_loops_cross, mainiacjoe_overflow_alcove_1, bloody_makhleb,
          portal_sewer_entry_e
D:6:      layout_basic, mainiacjoe_overflow_paths,
          minmay_temple_entry_statues_pillars, serial_shops, shop
D:7:      layout_basic, cheibriados_altar_1, xom_teletrap_fun, uniq_duvessa
D:8:      layout_rooms, mainiacjoe_overflow_six_doors_small, serial_shops, shop,
          enter_bailey_2, uniq_amaemon
Bailey:   bailey_polearm_elven_captive_hellmonk, bailey

Notes
Turn   | Place    | Note
-------+----------+-------------------------------------------
     0 | D:1      | ytrimaz the Demigod Transmuter began the quest for the Orb.
     0 | D:1      | Reached XP level 1. HP: 15/15 MP: 5/5
     0 | D:1      | magus.rc [v1.9.6]
   105 | D:1      | Reached skill level 2 in Dodging
   113 | D:1      | Reached skill level 3 in Unarmed Combat
   211 | D:1      | Reached XP level 2. HP: 22/22 MP: 4/7
   296 | D:1      | Learned a level 2 spell: Wereblood
  1191 | D:2      | Reached XP level 3. HP: 26/27 MP: 8/8
  1302 | D:2      | Found a runed translucent door.
  1303 | D:2      | Noticed Crazy Yiuf
  1631 | D:2      | Identified the ring of Xuicia {rPois rF+ Will+ rCorr}
  1956 | D:2      | Identified a scroll of acquirement
  1956 | D:2      | Acquired the +8 mithril axe "Arga" {speed, Will+}
  1956 | D:2      | Found the +8 mithril axe "Arga" {speed, Will+}
  2076 | D:3      | Reached skill level 3 in Dodging
  2406 | D:3      | Reached XP level 4. HP: 34/34 MP: 9/9
  2576 | D:3      | Reached skill level 1 in Axes
  3198 | D:4      | Noticed Edmund
  3208 | D:4      | HP: 3/34 [Edmund/+2 dire flail of protection (9)]
  3261 | D:4      | Killed Edmund
  3262 | D:4      | Reached skill level 2 in Axes
  3262 | D:4      | Reached skill level 4 in Dodging
  3262 | D:4      | Reached XP level 5. HP: 29/39 MP: 10/10
  3524 | D:4      | Reached skill level 3 in Axes
  3524 | D:4      | Reached XP level 6. HP: 34/46 MP: 11/11
  4450 | D:5      | Entered Level 5 of the Dungeon
  4497 | D:5      | Reached skill level 5 in Dodging
  4723 | D:5      | Reached skill level 4 in Axes
  4723 | D:5      | Reached XP level 7. HP: 42/51 MP: 12/12
  4882 | D:5      | Noticed a hornet
  4886 | D:5      | Killed a hornet
  4924 | D:5      | Reached skill level 6 in Dodging
  4976 | D:5      | Reached skill level 5 in Axes
  4987 | D:5      | Found a glowing drain.
  4997 | Sewer    | Entered a sewer
  5295 | Sewer    | Reached XP level 8. HP: 49/58 MP: 13/13
  5872 | D:6      | Reached skill level 6 in Axes
  5878 | D:6      | Reached skill level 7 in Dodging
  6180 | D:6      | Found a staircase to the Ecumenical Temple.
  6217 | D:6      | Found Egysm's Antique Armour Boutique.
  7120 | D:7      | Reached skill level 7 in Axes
  7289 | D:7      | Reached skill level 8 in Dodging
  7482 | D:7      | Noticed Dowan
  7483 | D:7      | Noticed Duvessa
  7490 | D:7      | Killed Dowan
  7496 | D:7      | Killed Duvessa
  7497 | D:7      | Reached skill level 8 in Axes
  7497 | D:7      | Reached XP level 9. HP: 42/63 MP: 14/14
  7835 | D:8      | Found Lezeehin's Armour Shoppe.
  7944 | D:8      | Reached skill level 9 in Axes
  8215 | D:8      | Found a flagged portal.
  8215 | D:8      | Noticed an orange demon
  8216 | D:8      | Noticed Amaemon
  8242 | D:8      | Killed Amaemon
  8243 | D:8      | Reached skill level 10 in Axes
  8247 | D:8      | Killed an orange demon
  8257 | Bailey   | Entered a bailey
  8335 | Bailey   | HP: 15/63 [orc warrior/+0 glaive (14)]
  8335 | Bailey   | HP: 2/63 [orc warrior/+0 halberd (13)]
  8336 | Bailey   | Slain by an orc warrior

Vanquished Creatures
  Amaemon (D:8)
  An orange demon (D:8)
  A hornet (D:5)
  A steam dragon (D:8)
  Edmund (D:4)
  4 water moccasins
  Duvessa (D:7)
  A sky beast (D:8)
  2 orc warriors
  An ice beast (D:5)
  An ogre (D:6)
  A centaur (D:7)
  A phantom (D:4)
  6 kobold brigands
  4 bullfrogs
  2 scorpions
  Dowan (D:7)
  3 killer bees (D:8)
  A gnoll bouda (D:7)
  A jelly (D:5)
  A hound (D:4)
  7 iguanas
  2 sleepcaps (D:7)
  2 orc wizards
  8 gnolls
  3 adders
  2 shadow imps
  2 white imps
  An ufetubus (D:6)
  4 worms
  4 dart slugs
  21 orcs
  12 endoplasms
  7 giant cockroaches
  6 goblins
  8 hobgoblins
  7 jackals
  23 kobolds
  4 quokkas
  6 ball pythons
  5 bats
  6 frilled lizards
  14 rats
190 creatures vanquished.

Vanquished Creatures (others)
  4 plants (Sewer)
4 creatures vanquished.

Grand Total: 194 creatures vanquished

Table legend:
 A = Non-vault XP
 B = Vault XP
 C = Vault XP percentage of total XP
 D = Non-vault monster count
 E = Vault monster count
 F = Vault count percentage of total count
                 A         B        C        D         E       F
            +---------+---------+-------+---------+---------+-------
      Total |    3643 |    2129 |  36.9 |     136 |      54 |  28.4
            +---------+---------+-------+---------+---------+-------
        D:1 |      43 |       0 |   0.0 |      24 |       0 |   0.0
        D:2 |      35 |       0 |   0.0 |      16 |       0 |   0.0
        D:3 |      28 |      24 |  46.2 |      14 |       5 |  26.3
        D:4 |     240 |     277 |  53.6 |      13 |       4 |  23.5
        D:5 |     718 |      16 |   2.2 |      16 |       8 |  33.3
        D:6 |     578 |       0 |   0.0 |      16 |       0 |   0.0
        D:7 |    1095 |     211 |  16.2 |      24 |       2 |   7.7
        D:8 |     906 |    1158 |  56.1 |      13 |       2 |  13.3
      Sewer |       0 |     437 | 100.0 |       0 |      31 | 100.0
     Bailey |       0 |       6 | 100.0 |       0 |       2 | 100.0
            +---------+---------+-------+---------+---------+-------

Illustrated notes

Table legend:
 A = Kills in this place as a percentage of kills in the entire game.
 B = Kills by you in this place as a percentage of kills by you in the entire game.
 C = Kills by friends in this place as a percentage of kills by friends in the entire game.
 D = Other kills in this place as a percentage of other kills in the entire game.
 E = Experience gained in this place as a percentage of experience gained in the entire game.
 F = Experience gained in this place divided by the number of levels of this place that you have seen.
                   A       B       C       D       E      F
               +-------+-------+-------+-------+-------+----------------------
         Total | 100.0 | 100.0 |   N/A |   N/A | 100.0 | 577.2
       Dungeon |  82.6 |  82.6 |   N/A |   N/A |  92.3 | 666.1
         Sewer |  16.3 |  16.3 |   N/A |   N/A |   7.6 | 437.0
        Bailey |   1.1 |   1.1 |   N/A |   N/A |   0.1 |   6.0
               +-------+-------+-------+-------+-------+----------------------

Table legend: (Time is in decaauts)
 A = Elapsed time spent in this place.
 B = Non-inter-level travel time spent in this place.
 C = Inter-level travel time spent in this place.
 D = Time resting spent in this place.
 E = Time spent auto-exploring this place.
 F = Levels seen in this place.
 G = Mean time per level.
                   A        B        C        D        E       F      G
               +--------+--------+--------+--------+--------+-----+--------+
         Total |   8304 |   7988 |    316 |     35 |   6690 |  10 |  830.4 |
       Dungeon |   7877 |   7561 |    316 |     35 |   6389 |   8 |  984.6 |
         Sewer |    356 |    356 |      0 |      0 |    239 |   1 |  356.0 |
        Bailey |     70 |     70 |      0 |      0 |     61 |   1 |   70.0 |
               +--------+--------+--------+--------+--------+-----+--------+

Top non-repeatable levels by time:
     D:4: 1323 daAuts
     D:3: 1074 daAuts
     D:7: 1055 daAuts
     D:1: 1026 daAuts
     D:2: 1019 daAuts
     D:5: 932 daAuts
     D:6: 926 daAuts
     D:8: 519 daAuts
   Sewer: 356 daAuts
  Bailey: 70 daAuts
